| TOP OF THE 1ST |
|
Chattanooga Lookouts batting - Pitching for Midland RockHounds : RHP Mike Staley
|
|
Pitching: RHP Mike Staley
|
|
|
Batting: LHB Marius Tadini
|
0-0: Swinging Strike 0-1: Ball 1-1: Swinging Strike 1-2: Strikes out swinging
|
|
Batting: RHB Francisque Regras
|
0-0: Foul Ball, location: 2F 0-1: Ball 1-1: Called Strike 1-2: Foul Ball, location: 2F 1-2: Foul Ball, location: 2F 1-2: Ball 2-2: Strikes out swinging
|
|
Batting: LHB Matt Robertson
|
0-0: Called Strike 0-1: Ball 1-1: Ball 2-1: Foul Ball, location: 2F 2-2: Foul Ball, location: 2F 2-2: Ground out 6-3 (Groundball, 6, EV 99.4 MPH)
|
| Top of the 1st over - 0 runs, 0 hits, 0 errors, 0 left on base; Chattanooga 0 - Midland 0 |
| BOTTOM OF THE 1ST |
|
Midland RockHounds batting - Pitching for Chattanooga Lookouts : LHP Antoine Champagne
|
|
Pitching: LHP Antoine Champagne
|
|
|
Batting: RHB Josh Sinden
|
0-0: Called Strike 0-1: Called Strike 0-2: Foul Ball, location: 2F 0-2: Ball 1-2: Foul Ball, location: 2F 1-2: Fly out, F8 (Flyball, 89XD, EV 102.5 MPH)
|
|
Batting: RHB Mario Ramos
|
0-0: Ball 1-0: Ball 2-0: Ball 3-0: Base on Balls
|
|
Batting: RHB Kevin Wiles
|
0-0: Ball 1-0: Foul Ball, location: 2F 1-1: SINGLE (Line Drive, 56D, EV 104.4 MPH) Mario Ramos to second
|
|
Batting: LHB Chance Stever
|
0-0: Ball Mario Ramos steals 3rd base Kevin Wiles to second 1-0: Fly out, F9 (Flyball, 9, EV 96.9 MPH)
|
|
Batting: LHB Angel Sanchez
|
0-0: Foul Ball, location: 2F 0-1: Ball 1-1: Ground out U3 (Groundball, 34, EV 90.0 MPH)
|
| Bottom of the 1st over - 0 runs, 1 hit, 0 errors, 2 left on base; Chattanooga 0 - Midland 0 |
| TOP OF THE 2ND |
|
Chattanooga Lookouts batting - Pitching for Midland RockHounds : RHP Mike Staley
|
|
Batting: RHB Isaiah Easter
|
0-0: Ground out 5-3 (Groundball, 56S, EV 88.1 MPH)
|
|
Batting: RHB Justin Allison
|
0-0: Ball 1-0: Ball 2-0: SINGLE (Groundball, 6MD, EV 96.2 MPH)
|
|
Batting: RHB Ruben Martinez
|
0-0: Ball 1-0: Foul Ball, location: 2F 1-1: Called Strike 1-2: Ball 2-2: Ball 3-2: Foul Ball, location: 2F 3-2: Fly out, F6 (Popup, 15S, EV 85.0 MPH)
|
|
Pitching: LHP Jin-ho Koo
|
|
|
Batting: RHB Masaichi Tokunaga
|
0-0: Ball 1-0: Swinging Strike 1-1: Fielders Choice at 2nd, 5-4 (Groundball, 56, EV 83.1 MPH)
|
| Top of the 2nd over - 0 runs, 1 hit, 0 errors, 1 left on base; Chattanooga 0 - Midland 0 |
| BOTTOM OF THE 2ND |
|
Midland RockHounds batting - Pitching for Chattanooga Lookouts : LHP Antoine Champagne
|
|
Batting: RHB Fathi Addae
|
0-0: Ball 1-0: Ball 2-0: Ball 3-0: Called Strike 3-1: Foul Ball, location: 2F 3-2: Base on Balls
|
|
Batting: SHB John Cummings
|
0-0: Called Strike 0-1: Foul Ball, location: 2F 0-2: Strikes out swinging
|
|
Batting: RHB Zack DiCicco
|
0-0: Ball 1-0: Ball 2-0: Called Strike 2-1: Called Strike 2-2: Strikes out swinging
|
|
Batting: RHB Bastiaan Leenders
|
0-0: Ball 1-0: Foul Ball, location: 2F 1-1: Ball 2-1: Foul Ball, location: 2F 2-2: Strikes out swinging
|
| Bottom of the 2nd over - 0 runs, 0 hits, 0 errors, 1 left on base; Chattanooga 0 - Midland 0 |
| TOP OF THE 3RD |
|
Chattanooga Lookouts batting - Pitching for Midland RockHounds : LHP Jin-ho Koo
|
|
Batting: RHB Bobby Paredes
|
0-0: Ball 1-0: DOUBLE (Flyball, 78D, EV 110.6 MPH)
|
|
Batting: RHB Julian de Reus
|
0-0: Ball 1-0: Swinging Strike 1-1: Called Strike 1-2: SINGLE (Groundball, 56D, EV 105.0 MPH) Bobby Paredes to third
|
|
Batting: LHB Marius Tadini
|
0-0: Called Strike 0-1: Swinging Strike 0-2: Ball 1-2: Ball 2-2: Grounds out, U3 (Groundball, 3L, EV 81.2 MPH) Bobby Paredes scores
|
|
Batting: RHB Francisque Regras
|
0-0: Called Strike 0-1: Ball 1-1: Ball 2-1: Swinging Strike 2-2: Strikes out looking
|
|
Batting: LHB Matt Robertson
|
0-0: Ball 1-0: Ball 2-0: Called Strike 2-1: 2-RUN HOME RUN (Flyball, 9D, EV 96.2 MPH), Distance : 364 ft
|
|
Batting: RHB Isaiah Easter
|
0-0: Ball 1-0: Foul Ball, location: 2F 1-1: SINGLE (Flyball, 9LS, EV 97.5 MPH)
|
|
Pitching: RHP Thomas Crowner
|
|
|
Batting: RHB Justin Allison
|
0-0: Called Strike Isaiah Easter steals 2nd base 0-1: Ground out 6-3 (Groundball, 6, EV 91.2 MPH)
|
| Top of the 3rd over - 3 runs, 4 hits, 0 errors, 1 left on base; Chattanooga 3 - Midland 0 |
| BOTTOM OF THE 3RD |
|
Midland RockHounds batting - Pitching for Chattanooga Lookouts : LHP Antoine Champagne
|
|
Batting: RHB Josh Sinden
|
0-0: Ball 1-0: Fly out, F6 (Popup, 6S, EV 85.0 MPH)
|
|
Batting: RHB Mario Ramos
|
0-0: Ball 1-0: Ground out 6-3 (Groundball, 6, EV 85.0 MPH)
|
|
Batting: RHB Kevin Wiles
|
0-0: Ball 1-0: Swinging Strike 1-1: Ball 2-1: Foul Ball, location: 2F 2-2: Ball 3-2: Strikes out swinging, 2-3 out at first.
|
| Bottom of the 3rd over - 0 runs, 0 hits, 0 errors, 0 left on base; Chattanooga 3 - Midland 0 |
| TOP OF THE 4TH |
|
Chattanooga Lookouts batting - Pitching for Midland RockHounds : RHP Thomas Crowner
|
|
Batting: RHB Ruben Martinez
|
0-0: Called Strike 0-1: Ball 1-1: Ball 2-1: Foul Ball, location: 2F 2-2: Foul Ball, location: 2F 2-2: Foul Ball, location: 2F 2-2: Ground out 4-3 (Groundball, 4, EV 93.8 MPH)
|
|
Batting: RHB Masaichi Tokunaga
|
0-0: Called Strike 0-1: Ball 1-1: Ball 2-1: Called Strike 2-2: Ball 3-2: Foul Ball, location: 2F 3-2: Ground out 5-3 (Groundball, 56, EV 80.0 MPH)
|
|
Batting: RHB Bobby Paredes
|
0-0: Called Strike 0-1: Ball 1-1: Ball 2-1: Foul Ball, location: 2F 2-2: SINGLE (Groundball, 56D, EV 98.1 MPH)
|
|
Batting: RHB Julian de Reus
|
0-0: Ball 1-0: SINGLE (Flyball, 6D, EV 82.5 MPH) Bobby Paredes to second
|
|
Batting: LHB Marius Tadini
|
0-0: Ball 1-0: Called Strike 1-1: SINGLE (Groundball, 4D, EV 106.2 MPH) Bobby Paredes to third Julian de Reus to second Runner from 3rd tries for Home, throw by CF and OUT! 8-2
|
| Top of the 4th over - 0 runs, 3 hits, 0 errors, 2 left on base; Chattanooga 3 - Midland 0 |
| BOTTOM OF THE 4TH |
|
Midland RockHounds batting - Pitching for Chattanooga Lookouts : LHP Antoine Champagne
|
|
Batting: LHB Chance Stever
|
0-0: Called Strike 0-1: Ball 1-1: Ball 2-1: Swinging Strike 2-2: Strikes out swinging
|
|
Batting: LHB Angel Sanchez
|
0-0: Ground out 4-3 (Groundball, 4, EV 102.5 MPH)
|
|
Batting: RHB Fathi Addae
|
0-0: Swinging Strike 0-1: DOUBLE (Flyball, 89D, EV 106.2 MPH)
|
|
Batting: SHB John Cummings
|
0-0: Ball 1-0: Foul Ball, location: 2F 1-1: Ball 2-1: Ball 3-1: Foul Ball, location: 2F 3-2: SINGLE (Groundball, 4MD, EV 99.4 MPH) Fathi Addae to third
|
|
Batting: RHB Zack DiCicco
|
0-0: Called Strike 0-1: Ground out U3 (Groundball, 13, EV 81.2 MPH)
|
| Bottom of the 4th over - 0 runs, 2 hits, 0 errors, 2 left on base; Chattanooga 3 - Midland 0 |
| TOP OF THE 5TH |
|
Chattanooga Lookouts batting - Pitching for Midland RockHounds : RHP Thomas Crowner
|
|
Batting: RHB Francisque Regras
|
0-0: Swinging Strike 0-1: Foul Ball, location: 2F 0-2: Foul Ball, location: 2F 0-2: Strikes out swinging
|
|
Batting: LHB Matt Robertson
|
0-0: Called Strike 0-1: Called Strike 0-2: Ball 1-2: Ground out 5-3 (Groundball, 5, EV 100.0 MPH)
|
|
Batting: RHB Isaiah Easter
|
0-0: Foul Ball, location: 2F 0-1: Ball 1-1: Ball 2-1: Ball 3-1: Foul Ball, location: 2F 3-2: Strikes out swinging
|
| Top of the 5th over - 0 runs, 0 hits, 0 errors, 0 left on base; Chattanooga 3 - Midland 0 |
| BOTTOM OF THE 5TH |
|
Midland RockHounds batting - Pitching for Chattanooga Lookouts : LHP Antoine Champagne
|
|
Batting: RHB Bastiaan Leenders
|
0-0: Foul Ball, location: 2F 0-1: Ball 1-1: Ball 2-1: Ball 3-1: Swinging Strike 3-2: Strikes out swinging
|
|
Batting: RHB Josh Sinden
|
0-0: Ball 1-0: Ball 2-0: Ball 3-0: Called Strike 3-1: Base on Balls
|
|
Batting: RHB Mario Ramos
|
0-0: Ball 1-0: Called Strike 1-1: Called Strike 1-2: Strikes out looking
|
|
Batting: RHB Kevin Wiles
|
0-0: Ball 1-0: Foul Ball, location: 2F 1-1: Foul Ball, location: 2F 1-2: Ball Josh Sinden is caught stealing 2nd base 2-4
|
| Bottom of the 5th over - 0 runs, 0 hits, 0 errors, 0 left on base; Chattanooga 3 - Midland 0 |
| TOP OF THE 6TH |
|
Chattanooga Lookouts batting - Pitching for Midland RockHounds : RHP Thomas Crowner
|
|
Batting: RHB Justin Allison
|
0-0: Ball 1-0: Ball 2-0: Called Strike 2-1: Called Strike 2-2: Strikes out swinging
|
|
Pitching: RHP Carlos Alaniz
|
|
|
Batting: RHB Ruben Martinez
|
0-0: Foul Ball, location: 2F 0-1: Ball 1-1: Ball 2-1: Called Strike 2-2: Strikes out looking
|
|
Batting: RHB Masaichi Tokunaga
|
0-0: Called Strike 0-1: SINGLE (Groundball, 34D, EV 105.0 MPH)
|
|
Batting: RHB Bobby Paredes
|
0-0: Ball 1-0: Ball 2-0: Swinging Strike 2-1: Foul Ball, location: 2F 2-2: Foul Ball, location: 2F 2-2: Ball 3-2: Strikes out swinging
|
| Top of the 6th over - 0 runs, 1 hit, 0 errors, 1 left on base; Chattanooga 3 - Midland 0 |
| BOTTOM OF THE 6TH |
|
Midland RockHounds batting - Pitching for Chattanooga Lookouts : LHP Antoine Champagne
|
|
Batting: RHB Kevin Wiles
|
0-0: Called Strike 0-1: Ball 1-1: Called Strike 1-2: Ground out 4-3 (Groundball, P, EV 79.4 MPH)
|
|
Batting: LHB Chance Stever
|
0-0: Ball 1-0: Foul Ball, location: 2F 1-1: Ball 2-1: SINGLE (Groundball, 5S, EV 66.9 MPH) (infield hit)
|
|
Pitching: LHP Craig Anderson
|
|
|
Batting: LHB Angel Sanchez
|
0-0: Ball 1-0: Ball 2-0: Called Strike 2-1: Ball 3-1: Base on Balls Chance Stever to second
|
|
Batting: RHB Fathi Addae
|
0-0: Called Strike 0-1: Foul Ball, location: 2F 0-2: Ball 1-2: Foul Ball, location: 2F 1-2: SINGLE (Groundball, 5S, EV 68.1 MPH) (infield hit) Chance Stever to third Angel Sanchez to second
|
|
Batting: SHB John Cummings
|
0-0: Swinging Strike 0-1: Foul Ball, location: 2F 0-2: Ball 1-2: Ball 2-2: Ball 3-2: Foul Ball, location: 2F 3-2: Foul Ball, location: 2F 3-2: Grounds into fielders choice 6-2 (Groundball, 6S, EV 82.5 MPH) Angel Sanchez to third Fathi Addae to second
|
|
Batting: RHB Zack DiCicco
|
0-0: Ball 1-0: Ball Wild Pitch! Angel Sanchez scores Fathi Addae to third John Cummings to second 2-0: DOUBLE (Line Drive, 7LS, EV 100.0 MPH) Fathi Addae scores John Cummings scores
|
|
Batting: RHB Bastiaan Leenders
|
0-0: Ball 1-0: Ball 2-0: Ball 3-0: Called Strike 3-1: Called Strike 3-2: Base on Balls
|
|
Pitching: RHP Rich Nunez
|
|
|
Batting: RHB Josh Sinden
|
0-0: Ball 1-0: Swinging Strike 1-1: Called Strike 1-2: Foul Ball, location: 2F 1-2: Strikes out swinging
|
| Bottom of the 6th over - 3 runs, 3 hits, 0 errors, 2 left on base; Chattanooga 3 - Midland 3 |
| TOP OF THE 7TH |
|
Chattanooga Lookouts batting - Pitching for Midland RockHounds : RHP Carlos Alaniz
|
|
Batting: RHB Julian de Reus
|
0-0: Ball 1-0: Called Strike 1-1: Ball 2-1: SINGLE (Groundball, 6, EV 103.1 MPH)
|
|
Batting: LHB Marius Tadini
|
0-0: SINGLE (Groundball, 34D, EV 100.6 MPH) Julian de Reus to second Runner from 2nd tries for 3rd, SAFE, throw by RF made to third
|
|
Pinch Hitting: LHB Armando Rendon
|
0-0: Called Strike 0-1: Ball 1-1: Ball 2-1: Called Strike 2-2: Strikes out swinging
|
|
Batting: LHB Matt Robertson
|
0-0: Called Strike 0-1: Swinging Strike 0-2: Strikes out looking
|
|
Batting: RHB Isaiah Easter
|
0-0: Called Strike 0-1: Called Strike 0-2: Foul Ball, location: 2F 0-2: Ball 1-2: Strikes out swinging
|
| Top of the 7th over - 0 runs, 2 hits, 0 errors, 2 left on base; Chattanooga 3 - Midland 3 |
| BOTTOM OF THE 7TH |
|
Midland RockHounds batting - Pitching for Chattanooga Lookouts : RHP Rich Nunez
|
|
Now at 3B: Armando Rendon
|
|
|
Now at SS: Bobby Paredes
|
|
|
Batting: RHB Mario Ramos
|
0-0: Ball 1-0: Called Strike 1-1: Ground out 5-3 (Groundball, 56, EV 81.9 MPH)
|
|
Batting: RHB Kevin Wiles
|
0-0: SINGLE (Flyball, 9LS, EV 97.5 MPH)
|
|
Batting: LHB Chance Stever
|
0-0: Called Strike 0-1: Ball 1-1: Ball 2-1: Foul Ball, location: 2F 2-2: Ball Kevin Wiles steals 2nd, throwing error, E2 Kevin Wiles to third 3-2: Strikes out swinging
|
|
Batting: LHB Angel Sanchez
|
0-0: Swinging Strike 0-1: Foul Ball, location: 2F 0-2: Foul Ball, location: 2F 0-2: Strikes out looking
|
| Bottom of the 7th over - 0 runs, 1 hit, 1 error, 1 left on base; Chattanooga 3 - Midland 3 |
| TOP OF THE 8TH |
|
Chattanooga Lookouts batting - Pitching for Midland RockHounds : RHP Carlos Alaniz
|
|
Pitching: RHP Adrian Frazier
|
|
|
Batting: RHB Justin Allison
|
0-0: Ball 1-0: Ball 2-0: Called Strike 2-1: Foul Ball, location: 2F 2-2: Foul Ball, location: 2F 2-2: Ground out 5-3 (Groundball, 56S, EV 76.2 MPH)
|
|
Batting: RHB Ruben Martinez
|
0-0: Swinging Strike 0-1: Swinging Strike 0-2: Foul Ball, location: 2F 0-2: Strikes out swinging
|
|
Batting: RHB Masaichi Tokunaga
|
0-0: Foul Ball, location: 2F 0-1: Foul Ball, location: 2F 0-2: Strikes out swinging
|
| Top of the 8th over - 0 runs, 0 hits, 0 errors, 0 left on base; Chattanooga 3 - Midland 3 |
| BOTTOM OF THE 8TH |
|
Midland RockHounds batting - Pitching for Chattanooga Lookouts : RHP Rich Nunez
|
|
Pinch Hitting: LHB John Shults
|
0-0: Fly out, F9 (Flyball, 9D, EV 77.5 MPH)
|
|
Batting: SHB John Cummings
|
0-0: Ball 1-0: Called Strike 1-1: Ground out U3 (Groundball, 3, EV 80.0 MPH)
|
|
Batting: RHB Zack DiCicco
|
0-0: Called Strike 0-1: SOLO HOME RUN (Flyball, 9LD, EV 94.4 MPH), Distance : 350 ft
|
|
Batting: RHB Bastiaan Leenders
|
0-0: Ground out 4-3 (Groundball, 4, EV 85.0 MPH)
|
| Bottom of the 8th over - 1 run, 1 hit, 0 errors, 0 left on base; Chattanooga 3 - Midland 4 |
| TOP OF THE 9TH |
|
Chattanooga Lookouts batting - Pitching for Midland RockHounds : RHP Adrian Frazier
|
|
Now at 1B: Bastiaan Leenders
|
|
|
Now at 2B: Zack DiCicco
|
|
|
Now at 3B: Justin Menotti
|
|
|
Now in CF: Matt Sherard
|
|
|
Batting: RHB Bobby Paredes
|
0-0: Called Strike 0-1: SINGLE (Groundball, 56D, EV 106.9 MPH)
|
|
Batting: RHB Julian de Reus
|
0-0: Ball 1-0: Bunted foul 1-1: Ball 2-1: Bunted foul 2-2: Grounds into double play, 6-4-3 (Groundball, 6, EV 78.1 MPH)
|
|
Batting: LHB Marius Tadini
|
0-0: Foul Ball, location: 2F 0-1: Foul Ball, location: 2F 0-2: Strikes out swinging
|
| Top of the 9th over - 0 runs, 1 hit, 0 errors, 0 left on base; Chattanooga 3 - Midland 4 |
|